 Dungeon Sprint DCSS version 0.27.1-1-g398f81649c (webtiles) character file.

Game seed: 12647364836478820383

8029 styxcanada the Imperceptible (level 11, -3/73 HPs)
             Began as a Spriggan Brigand on Sept 20, 2021.
             Was an Initiate of Gozag.
             Slain by a spriggan defender (16 damage)
             ... in the Dungeon (Sprint IV: "Fedhas' Mad Dash").
             The game lasted 00:14:21 (1619 turns).

styxcanada the Imperceptible (Spriggan Brigand)     Turns: 1619, Time: 00:14:24

Health: -3/73      AC:  3    Str:  7    XL:     11   Next: 4%
Magic:  23/23      EV: 26    Int: 12    God:    Gozag
Gold:   1820       SH:  7    Dex: 21    Spells: 19/24 levels left

rFire    . . .     SeeInvis +   a - +2 dagger
rCold    . . .     Faith    .   p - +0 buckler
rNeg     . . .     Spirit   .   b - +0 robe
rPois    .         Reflect  .   (helmet restricted)
rElec    .         Harm     .   c - +0 cloak
rCorr    .         Rampage  .   (gloves unavailable)
Will     +....     NoTele   +   (boots unavailable)
Stlth    +++++++++.             n - amulet of Vitality {Regen+ HP+15}
HPRegen  1.22/turn              (no ring)
MPRegen  0.18/turn              (no ring)

@: very quick
A: very small, no large weapons, unfitting armour, see invisible, speed 3
a: Renounce Religion, Potion Petition, Call Merchant, Bribe Branch


You were in the Dungeon.
You worshipped Gozag.
Gozag was most pleased with you.
You visited 1 branch You collected 2491 gold pieces.
You spent 671 gold pieces at shops.

Inventory:

Hand Weapons
 a - a +2 dagger (weapon)
Missiles
 d - 19 poisoned darts (quivered)
 e - 3 curare-tipped darts
Armour
 b - a +0 robe (worn)
 c - a +0 cloak (worn)
 p - a +0 buckler (worn)
Jewellery
 l - the amulet of invisibility {+Inv}
   (You found it in the Dungeon)

   [amulet of nothing]

   +Inv:      It lets you turn invisible.
 n - the amulet of Vitality (around neck) {Regen+ HP+15}
   (You found it in the Dungeon)

   [amulet of regeneration]

   HP:        It affects your health (+15).
   Regen:     It increases your rate of health regeneration.
Wands
 j - a wand of paralysis (4)
Scrolls
 q - 3 scrolls of identify
 r - a scroll of enchant weapon
Potions
 f - 3 potions of curing
 g - a potion of heal wounds
 h - a potion of haste
 i - 2 potions of magic
 m - a potion of flight
 o - a potion of might


   Skills:
 * Level 7.1 Fighting
 + Level 6.0 Short Blades
 + Level 5.9 Throwing
 * Level 10.9 Dodging
 * Level 24.6 Stealth
 * Level 1.8 Shields
 * Level 7.4 Spellcasting
 * Level 1.7 Conjurations
 * Level 5.5 Air Magic
 * Level 5.9 Poison Magic
 * Level 12.1 Evocations


You had 19 spell levels left.
You knew the following spells:

 Your Spells              Type           Power      Damage    Failure   Level
a - Poisonous Vapours     Pois/Air       36%        N/A       3%          2
b - Mephitic Cloud        Conj/Pois/Air  15%        N/A       11%         3

Your spell library contained the following spells:

 Spells                   Type           Power      Damage    Failure   Level
 Magic Dart               Conj           32%        1d4       11%         1
 Corpse Rot               Necr/Air       N/A        N/A       11%         2
 Corona                   Hex            4%         N/A       22%         1
 Call Imp                 Summ           4%         N/A       34%         2
 Ensorcelled Hibernation  Hex/Ice        8%         N/A       34%         2
 Tukima's Dance           Hex            4%         N/A       56%         3
 Freezing Cloud           Conj/Ice/Air   5%         6-21      93%         5


Dungeon Overview and Level Annotations

Branches:
Dungeon (1/1)

Altars:
Cheibriados
Dithmenos
Elyvilon
Gozag
Hepliaklqana
Kikubaaqudgha
Makhleb
Nemelex Xobeh
Okawaru
Qazlal
Ru
Sif Muna
Trog
Uskayaw
Vehumet
Wu Jian
Xom
Yredelemnul
Zin
The Shining One
Beogh
Jiyva
Lugonu

Shops:
D [!?[:*:?


Innate Abilities, Weirdness & Mutations

You are very small and have problems with some larger weapons.
You are too small for most types of armour.
You have supernaturally acute eyesight. (SInv)
You cover ground extremely quickly. (Speed+++)


Message History

You throw a poisoned dart.
The poisoned dart closely misses the spriggan defender.
Throw: 24 darts (poison)
Press: ? - help, Q - select action, (/) - cycle Shift-Dir - straight line, f/p - spriggan defender
Aim: a spriggan defender, wielding a +1 demon whip of freezing, wearing a +0 robe and wearing a +0 buckler (32% to hit)
You throw a poisoned dart.
The poisoned dart misses the spriggan defender.
Throw: 23 darts (poison)
Press: ? - help, Q - select action, (/) - cycle Shift-Dir - straight line, f/p - spriggan defender
Aim: a spriggan defender, wielding a +1 demon whip of freezing, wearing a +0 robe and wearing a +0 buckler (32% to hit)
You throw a poisoned dart.
The poisoned dart barely misses the spriggan defender.
The spriggan defender hits you but does no damage.
Throw: 22 darts (poison)
Press: ? - help, Q - select action, (/) - cycle Shift-Dir - straight line, f/p - spriggan defender
Aim: a spriggan defender, wielding a +1 demon whip of freezing, wearing a +0 robe and wearing a +0 buckler (32% to hit)
You throw a poisoned dart.
The poisoned dart barely misses the spriggan defender.
The spriggan defender completely misses you.
There is an open door here.
Throw: 21 darts (poison)
Press: ? - help, Q - select action, (/) - cycle Shift-Dir - straight line, f/p - spriggan defender
Aim: a spriggan defender, wielding a +1 demon whip of freezing, wearing a +0 robe and wearing a +0 buckler (32% to hit)
You throw a poisoned dart.
The poisoned dart hits the spriggan defender.
The spriggan defender is poisoned.
The spriggan defender hits you with a +1 demon whip of freezing!!
The spriggan defender freezes you!
There is an open door here.
Throw: 20 darts (poison)
Press: ? - help, Q - select action, (/) - cycle Shift-Dir - straight line, f/p - spriggan defender
Aim: a spriggan defender, wielding a +1 demon whip of freezing, wearing a +0 robe and wearing a +0 buckler (poisoned, 32% to hit)
You throw a poisoned dart.
The poisoned dart hits the spriggan defender.
The spriggan defender looks even sicker.
The spriggan defender hits you with a +1 demon whip of freezing!!!
* * * LOW HITPOINT WARNING * * *
The spriggan defender freezes you!
You die...
Your body crumbles into a pile of gold.

#################################
..#.⌠._._._._.⌠.#..'.[[#....##∩##
..'.._._._._._..'..#...#)...'.[##
..#..._._._._...#..###'##..(##∩#.
'##.._._._._._..#..##∩∩.'...#####
..#._._._._._.⌠.#################
..###################......###...
###♣♣♣♣♣..♣.###.@..'.....).'.'..)
['......♣..♣##..#i.#.P.....######
.#♣..♣♣♣.♣).###.##'##.P....#
.#.♣♣..♣...♣'...#♣(♣########
###*#############.....####
,,,,,,,,* **#.(♣..♣....###
,,,,,,,,****#...♣......♣...♣##*
,,,,,,,,,,,......♣().(.∩.∩...(*
,,,,,,,,,,*###################*


You could see a spriggan defender (very poisoned).

Vanquished Creatures
  Agnes (D)
  A spriggan berserker (D)
  A spriggan druid (D)
  6 oklob plants (D)
  A demonic crawler (D)
  A queen bee (D)
  3 wandering mushrooms (D)
  3 burning bushes (D)
  A hornet (D)
  3 scorpions (D)
  4 killer bees (D)
  5 oklob saplings (D)
  5 spriggans (D)
  A river rat (D)
  A rat (D)
  A ballistomycete spore (D)
38 creatures vanquished.

Vanquished Creatures (others)
  A bush (D)
  3 fungi (D)
4 creatures vanquished.

Grand Total: 42 creatures vanquished

Notes
Turn   | Place    | Note
-------+----------+-------------------------------------------
     0 | D        | styxcanada the Spriggan Brigand began the quest for the
                  | Orb.
     0 | D        | Reached XP level 1. HP: 10/10 MP: 2/2
    19 | D        | Reached skill level 8 in Stealth
    19 | D        | Reached XP level 2. HP: 15/15 MP: 3/3
    38 | D        | Noticed an oklob sapling
    40 | D        | Killed an oklob sapling
    41 | D        | Reached skill level 9 in Stealth
    41 | D        | Reached XP level 3. HP: 19/19 MP: 4/4
    42 | D        | Noticed a scorpion
    42 | D        | Found the amulet of invisibility {+Inv}
    44 | D        | Killed a scorpion
    45 | D        | Reached skill level 12 in Stealth
    45 | D        | Reached XP level 4. HP: 23/23 MP: 5/5
    66 | D        | Found an opulent altar of Gozag.
    66 | D        | Found a hazy altar of Hepliaklqana.
    66 | D        | Found a burning altar of Makhleb.
    66 | D        | Found a sparkling altar of Nemelex Xobeh.
    66 | D        | Found a snail-covered altar of Cheibriados.
    66 | D        | Found a sacrificial altar of Ru.
    66 | D        | Found a shimmering blue altar of Sif Muna.
    66 | D        | Found a shimmering altar of Xom.
    66 | D        | Found a basalt altar of Yredelemnul.
    67 | D        | Found a viscous altar of Jiyva.
    67 | D        | Found a bloodstained altar of Trog.
    67 | D        | Found an ornate altar of the Wu Jian Council.
    68 | D        | Found an iron altar of Okawaru.
    68 | D        | Found a shadowy altar of Dithmenos.
    68 | D        | Found a glowing silver altar of Zin.
    69 | D        | Found an ancient bone altar of Kikubaaqudgha.
    69 | D        | Found a hide-covered altar of Uskayaw.
    70 | D        | Found a stormy altar of Qazlal.
    70 | D        | Found a white marble altar of Elyvilon.
    70 | D        | Found a glowing golden altar of the Shining One.
    71 | D        | Became a worshipper of Gozag Ym Sagoz the Greedy
    72 | D        | Found a corrupted altar of Lugonu.
    72 | D        | Found a radiant altar of Vehumet.
    81 | D        | Reached skill level 13 in Stealth
    81 | D        | Reached skill level 1 in Evocations
    81 | D        | Reached XP level 5. HP: 28/28 MP: 4/6
   136 | D        | Found the amulet of Vitality {Regen+ HP+15}
   146 | D        | Reached skill level 5 in Dodging
   146 | D        | Reached skill level 14 in Stealth
   147 | D        | Reached skill level 15 in Stealth
   149 | D        | Reached XP level 6. HP: 33/33 MP: 5/7
   190 | D        | Found Rumm's Distillery.
   190 | D        | Found Botwey's Antique Armour Emporium.
   197 | D        | Bought a potion of might for 44 gold pieces
   197 | D        | Bought a potion of might for 44 gold pieces
   201 | D        | Noticed a burning bush
   201 | D        | Noticed a wandering mushroom
   202 | D        | Noticed a wandering mushroom
   206 | D        | Killed a wandering mushroom
   207 | D        | Reached skill level 17 in Stealth
   207 | D        | Killed a wandering mushroom
   208 | D        | Reached skill level 18 in Stealth
   208 | D        | Reached skill level 5 in Evocations
   208 | D        | Reached XP level 7. HP: 31/38 MP: 5/8
   210 | D        | Reached skill level 5 in Throwing
   279 | D        | Killed a burning bush
   280 | D        | Reached skill level 5 in Fighting
   280 | D        | Reached skill level 19 in Stealth
   293 | D        | Found Ilufeof's Book Shoppe.
   294 | D        | Found Zailac's General Store.
   299 | D        | Bought a book of Vapours for 336 gold pieces
   302 | D        | Learned a level 2 spell: Poisonous Vapours
   304 | D        | Bought a scroll of identify for 26 gold pieces
   322 | D        | Bought a potion of curing for 33 gold pieces
   322 | D        | Bought a potion of curing for 33 gold pieces
   625 | D        | Reached XP level 8. HP: 43/43 MP: 6/9
   631 | D        | Noticed a queen bee
   638 | D        | Killed a queen bee
   639 | D        | Reached skill level 1 in Spellcasting
   639 | D        | Reached skill level 1 in Air Magic
   639 | D        | Reached skill level 1 in Poison Magic
   644 | D        | Reached skill level 20 in Stealth
   695 | D        | Noticed an oklob plant
   698 | D        | Killed an oklob plant
   722 | D        | Noticed a burning bush
   725 | D        | Killed a burning bush
   726 | D        | Reached XP level 9. HP: 48/48 MP: 13/15
   783 | D        | Noticed a burning bush
   783 | D        | Noticed an oklob plant
   784 | D        | Noticed a wandering mushroom
   791 | D        | Killed an oklob plant
   792 | D        | Reached skill level 21 in Stealth
   795 | D        | Killed a wandering mushroom
   796 | D        | Reached skill level 5 in Short Blades
   871 | D        | Killed a burning bush
   941 | D        | Noticed a spriggan druid
   943 | D        | Killed a spriggan druid
   944 | D        | Reached skill level 22 in Stealth
   944 | D        | Reached skill level 5 in Spellcasting
   977 | D        | Noticed an oklob plant conjurer
   978 | D        | Killed an oklob plant conjurer
  1021 | D        | Noticed an oklob plant
  1021 | D        | Noticed an oklob plant summoner
  1022 | D        | Noticed an oklob plant shifter
  1026 | D        | Killed an oklob plant
  1027 | D        | Reached skill level 10 in Dodging
  1027 | D        | Reached skill level 10 in Evocations
  1027 | D        | Reached XP level 10. HP: 53/53 MP: 15/19
  1028 | D        | Killed an oklob plant summoner
  1031 | D        | Killed an oklob plant shifter
  1032 | D        | Reached skill level 23 in Stealth
  1209 | D        | Noticed a spriggan rider
  1210 | D        | Found Qurot's Book Emporium.
  1214 | D        | Found Wistrugal's Magic Scroll Shoppe.
  1218 | D        | Killed a spriggan rider
  1219 | D        | Reached skill level 5 in Poison Magic
  1277 | D        | Learned a level 3 spell: Mephitic Cloud
  1284 | D        | Bought 3 scrolls of identify for 60 gold pieces
  1284 | D        | Bought a scroll of identify for 20 gold pieces
  1284 | D        | Bought a scroll of enchant weapon for 75 gold pieces
  1327 | D        | Noticed Agnes
  1329 | D        | Found Noef's Magic Scroll Emporium.
  1329 | D        | Noticed a spriggan berserker
  1331 | D        | Found Ushryzup's Armour Shoppe.
  1334 | D        | Killed Agnes
  1335 | D        | Reached skill level 24 in Stealth
  1335 | D        | Reached skill level 1 in Shields
  1335 | D        | Reached skill level 1 in Conjurations
  1335 | D        | Reached skill level 5 in Air Magic
  1337 | D        | Noticed an elephant
  1458 | D        | Killed a spriggan berserker
  1459 | D        | Reached XP level 11. HP: 58/58 MP: 10/23
  1604 | D        | Noticed a spriggan defender
  1619 | D        | Slain by a spriggan defender

Illustrated notes

Levels and vault maps discovered:
D:        dungeon_sprint_fedhas [sprint_temple]

Skill      XL: |  1  2  3  4  5  6  7  8  9 10 |
---------------+-------------------------------+-----
Fighting       | 2 3 4 5 6 7 |  7.1
Dodging        | 2 3 4 5 7 9 10 | 10.9
Stealth        | 8 9 12 13 15 18 19 20 22 24 | 24.6
Throwing       | 3 4 5 |  5.9
Evocations     | 1 3 5 6 7 10 12 | 12.1
Short Blades   | 3 4 5 6 |  6.0
Spellcasting   | 3 5 7 |  7.4
Air Magic      | 2 4 5 |  5.5
Poison Magic   | 2 4 5 |  5.9
Shields        | 1 |  1.8
Conjurations   | 1 |  1.7

Action                   |  1- 3 |  4- 6 |  7- 9 | 10-12 || total
-------------------------+-------+-------+-------+-------++-------
Melee: Dagger            |     8 |    12 |    75 |     8 ||   103
Throw: Dart              |     9 |       |       |    27 ||    36
 Cast: Poisonous Vapours |       |       |       |    10 ||    10
 Abil: Evoke Invisibilit |       |     3 |     6 |     1 ||    10
  Use: Scroll            |       |       |     2 |     4 ||     6
       Potion            |       |       |     2 |       ||     2
 Stab: Sleeping          |     2 |     6 |    15 |     6 ||    29
       Invisible         |       |     1 |       |       ||     1
Armor: Robe              |       |       |       |     2 ||     2
Dodge: Dodged            |     4 |       |     9 |    20 ||    33
Block: Buckler           |       |       |       |     4 ||     4
